 Dungeon Crawl Stone Soup version 0.30-a0-305-g026cb31310 (webtiles) character file.

Game seed: 7151674538944641224

783 blackman the Magician (level 8, -9/56 HPs)
             Began as a Djinni Chaos Knight on Oct 21, 2022.
             Was a Plaything of Xom.
             Mangled by Blork the orc
             ... wielding a +2 vorpal hand axe
              (11 damage)
             ... on level 5 of the Dungeon.
             The game lasted 00:08:56 (2855 turns).

blackman the Magician (Djinni Chaos Knight)         Turns: 2855, Time: 00:08:59

Health: -9/56      AC:  5    Str: 11    XL:     8   Next: 11%
Gold:   123        EV: 11    Int: 16    God:    Xom [....*.] SH:  0 Dex: 13

rFire   + + .      SeeInvis .    c - +0 hand axe (venom)
rCold   x . .      Faith    .    (no shield)
rNeg    . . .      Spirit   .    a - +2 leather armour
rPois   ∞          Reflect  .    (no helmet)
rElec   .          Harm     .    (no cloak)
rCorr   .          Rampage  .    (no gloves)
Will    .....                    (boots unavailable)
Stlth   +.........               (no amulet)
HPRegen 0.29/turn                (no ring)
MPRegen 0.00/turn                (no ring)

@: wereblooded (expiring), cleaving, flying
A: sickness immunity, fire resistance 2, cold vulnerability 1, float, innate
caster, HP casting, extra vitality 1
a: Renounce Religion


You were on level 5 of the Dungeon.
You worshipped Xom.
You were a beloved toy of Xom.
You visited 1 branch of the dungeon, and saw 6 of its levels.

You collected 123 gold pieces.

Inventory:

Hand Weapons
 c - a +0 hand axe of venom (weapon)
 h - a +1 long sword of holy wrath
Missiles
 n - 3 boomerangs (quivered)
 r - 2 poisoned darts
Armour
 a - a +2 leather armour (worn)
 o - a +3 ring mail of cold resistance
Wands
 j - a wand of digging (6)
 p - a wand of acid (5)
Scrolls
 d - a scroll of fear
 e - 3 scrolls of identify
 i - a scroll of teleportation
 m - a scroll of butterflies {unknown}
 s - a scroll of summoning {unknown}
 t - a scroll of immolation {unknown}
 u - a scroll of silence {unknown}
Potions
 f - a potion of degeneration {unknown}
 g - 2 potions of brilliance {unknown}
 k - a potion of mutation {unknown}
 l - 2 potions of curing {unknown}
 q - a potion of attraction {unknown}
 v - a potion of invisibility
Miscellaneous
 b - a piece from Xom's chessboard (14/15)


   Skills:
 - Level 3.0 Fighting
 - Level 1.0 Armour
 - Level 2.1 Dodging
 - Level 3.0 Unarmed Combat
 * Level 6.4 Spellcasting


You had 13 spell levels left.
You knew the following spells:

 Your Spells              Type           Power      Damage    Failure   Level
a - Sting                 Tmut/Pois      100%       1d8       1%          1
b - Wereblood             Tmut           25%        N/A       1%          2
c - Portal Projectile     Hex/Tloc       50%        N/A       3%          3
Your spell library was empty.

Dungeon Overview and Level Annotations

Branches:
Dungeon (6/15)
 Temple: D:4-7

Altars:
Hepliaklqana
Xom

Shops:
D:3 [

Annotations:
D:5 Blork the orc, Prince Ribbit


Innate Abilities, Weirdness & Mutations

You are immune to sickness and miasma.
You are immune to poison.
Your flesh is very heat resistant. (rF++)
You are vulnerable to cold. (rC-)
You float through the air rather than walking.
You learn spells naturally, not from books.
Your magical power is your life essence.
You have superior vitality. (+4 MHP)


Message History

You barely miss the orc wizard. "Go forth and destroy!"
Your +0 hand axe of venom looks sharp (like it always does).
The orc wizard hits you with a +0 dagger.
Blork the orc hits you with a +2 vorpal hand axe.
You hit Blork the orc.
Blork the orc looks as sick as possible!
Blork the orc is moderately wounded.
You hit the orc wizard.
Your primal bloodlust is almost over.
You hear a croak.
The orc wizard points at you and mumbles some strange words.
You easily resist.
Blork the orc barely misses you.
An orc wizard comes into view. It is wielding a +0 dagger.
Prince Ribbit comes into view.
You slash Blork the orc!
Blork the orc is heavily wounded.
You miss the orc wizard.
Prince Ribbit blinks!
The orc wizard points at you and mumbles some strange words.
The magic dart hits you!
Blork the orc points at you and mumbles some strange words.
The puff of flame hits you. You resist.
* * * LOW HITPOINT WARNING * * *
Unknown command.
You hit the orc wizard but do no damage.
The orc wizard is poisoned.
The orc wizard is moderately wounded.
You closely miss Blork the orc.
The orc wizard hits you with a +0 dagger.
* * * LOW HITPOINT WARNING * * *
Blork the orc hits you with a +2 vorpal hand axe!
* * * LOW HITPOINT WARNING * * *
x2 The orc wizard gestures wildly while chanting.
The orc wizard flickers and vanishes!
Deactivating autopickup; reactivate with Ctrl-A.
The orc wizard hits you with a +0 dagger.
* * * LOW HITPOINT WARNING * * *
Blork the orc hits you with a +2 vorpal hand axe!
You die...
Xom cackles wildly!

.....
######.#....
.......#...#
.......#...#
.......#...#
.......#...# #
.......#.†##.##
.......#<.[...#
......o@†>##..#
.....o.o.........
.[.....##.##..###
##.§##{ ...# ....
#. #{ ..... .## #
#.##..#.. .. ..
....... # ..
...#...


You could see Blork the orc (extremely poisoned) and 2 orc wizards.

Vanquished Creatures
  Sigmund (D:3)
  A phantom (D:5)
  A necrophage (D:5)
  A bullfrog (D:6)
  A wight (D:6)
  A howler monkey (D:6)
  A hound (D:5)
  An orc priest (D:3)
  Ijyb (D:3)
  An iguana (D:3)
  Natasha (thrice) (D:3)
  3 adders
  A shadow imp (D:6)
  A white imp (D:6)
  2 orcs (D:3)
  2 endoplasms
  3 giant cockroaches (D:1)
  5 goblins
  5 hobgoblins
  8 jackals
  6 quokkas
  3 ball pythons
  8 bats
  2 frilled lizards
  4 kobolds
  4 rats
70 creatures vanquished.

Vanquished Creatures (collateral kills)
  3 gnolls (D:3)
  A bat (D:3)
4 creatures vanquished.

Vanquished Creatures (others)
  An orc wizard (D:3)
1 creature vanquished.

Grand Total: 75 creatures vanquished

Notes
Turn   | Place    | Note
-------+----------+-------------------------------------------
     0 | D:1      | blackman the Djinni Chaos Knight began the quest for the
                  | Orb.
     0 | D:1      | Reached XP level 1. HP: 20/20 MP: 0/0
   159 | D:1      | Reached skill level 1 in Spellcasting
   159 | D:1      | Reached XP level 2. HP: 23/25 MP: 0/0
   184 | D:1      | XOM: silly message
   349 | D:1      | Reached XP level 3. HP: 29/30 MP: 0/0
   349 | D:1      | Learned a level 1 spell: Sting
   516 | D:2      | XOM: silly message
   574 | D:2      | Found a faded altar of an unknown god.
   668 | D:2      | Reached skill level 2 in Spellcasting
  1098 | D:2      | XOM: cloud trail
  1112 | D:2      | XOM: scenery: create altars
  1620 | D:3      | XOM: confuse monster(s)
  1622 | D:3      | Noticed Sigmund
  1623 | D:3      | Reached XP level 4. HP: 19/35 MP: 0/0
  1700 | D:3      | Killed Sigmund
  1701 | D:3      | Reached skill level 4 in Spellcasting
  1701 | D:3      | Reached XP level 5. HP: 29/40 MP: 0/0
  1701 | D:3      | Learned a level 2 spell: Wereblood
  1701 | D:3      | Reached XP level 6. HP: 34/46 MP: 0/0
  1767 | D:3      | Noticed Natasha
  1768 | D:3      | XOM: silly message
  1775 | D:3      | Killed Natasha
  1943 | D:3      | Noticed Ijyb
  1948 | D:3      | XOM: cast spell 'Summon Ice Beast'
  1954 | D:3      | Killed Ijyb
  1956 | D:3      | Reached XP level 7. HP: 16/50 MP: 0/0
  1956 | D:3      | Learned a level 3 spell: Portal Projectile
  1958 | D:3      | HP: 2/50 [gnoll/+0 halberd (11)]
  1959 | D:3      | Reached skill level 5 in Spellcasting
  2021 | D:3      | XOM: god gift: cyan potion {god gift}
  2135 | D:3      | Found a hazy altar of Hepliaklqana.
  2171 | D:3      | Found Iconlawk's Antique Armour Boutique.
  2173 | D:3      | Noticed Natasha
  2181 | D:3      | Killed Natasha
  2197 | D:3      | XOM: 2-stop teleportation journey
  2431 | D:3      | Noticed Natasha
  2439 | D:3      | Killed Natasha
  2563 | D:3      | XOM: cloud trail
  2627 | D:4      | You are sucked into a shaft and drop 2 floors!
  2642 | D:6      | XOM: cast spell 'Leda's Liquefaction'
  2696 | D:6      | XOM: scenery: summon butterflies
  2826 | D:5      | Entered Level 5 of the Dungeon
  2840 | D:5      | XOM: confuse monster(s)
  2842 | D:5      | Reached skill level 6 in Spellcasting
  2844 | D:5      | Reached XP level 8. HP: 28/56 MP: 0/0
  2849 | D:5      | Noticed Blork the orc
  2852 | D:5      | XOM: cleaving
  2853 | D:5      | Noticed Prince Ribbit
  2855 | D:5      | HP: 2/56 [orc wizard/+0 dagger (3)]
  2855 | D:5      | Mangled by Blork the orc

Illustrated notes

Levels and vault maps discovered:
D:1:      lemuel_arrival_behind_the_door_small, layout_basic
D:2:      layout_basic, hellmonk_ecumenical_altar_zigzags
D:3:      layout_loops_ring, nicolae_overflow_crystal_walls, serial_shops,
          nicolae_diamond_shop, uniq_sigmund, uniq_ijyb, uniq_natasha
D:4:      layout_cave_pods, mainiacjoe_overflow_alcove_1,
          guppyfry_early_lair_pool
D:5:      layout_basic, uniq_blork_the_orc, uniq_prince_ribbit1
D:6:      layout_layer_cave, good_gods_temple_1, enter_ossuary_4

Skill      XL: |  1  2  3  4  5  6  7 |
---------------+----------------------+-----
Spellcasting   | 1 2 4 6 |  6.4
Fighting       | |  3.0
Armour         | |  1.0
Dodging        | |  2.1
Unarmed Combat | |  3.0

Action                   |  1- 3 |  4- 6 |  7- 9 || total
-------------------------+-------+-------+-------++-------
Melee: Hand axe          |    93 |    47 |    73 ||   213
       Unarmed           |     4 |       |       ||     4
       Punch             |     2 |       |     1 ||     3
       Long sword        |       |       |     4 ||     4
Throw: Boomerang         |       |       |     3 ||     3
 Cast: Sting             |     3 |     1 |     1 ||     5
       Wereblood         |       |     4 |     2 ||     6
       Portal Projectile |       |       |     2 ||     2
Evoke: Piece from Xom's  |    15 |       |       ||    15
  Use: Scroll            |       |       |     3 ||     3
       Potion            |       |       |     1 ||     1
 Stab: Paralysed         |     2 |       |       ||     2
       Sleeping          |     1 |       |       ||     1
Armor: Leather armour    |    52 |    23 |    26 ||   101
Dodge: Dodged            |    65 |    41 |    71 ||   177

Table legend: (Time is in decaauts)
 A = Elapsed time spent in this place.
 B = Non-inter-level travel time spent in this place.
 C = Inter-level travel time spent in this place.
 D = Time resting spent in this place.
 E = Time spent auto-exploring this place.
 F = Levels seen in this place.
 G = Mean time per level.
                   A        B        C        D        E       F      G
               +--------+--------+--------+--------+--------+-----+--------+
         Total |   2918 |   2852 |     66 |     10 |   2252 |   6 |  486.3 |
       Dungeon |   2918 |   2852 |     66 |     10 |   2252 |   6 |  486.3 |
               +--------+--------+--------+--------+--------+-----+--------+

Top non-repeatable levels by time:
     D:2: 1133 daAuts
     D:3: 1004 daAuts
     D:1: 517 daAuts
     D:6: 206 daAuts
     D:5: 34 daAuts
     D:4: 22 daAuts
